 Dungeon Crawl Stone Soup version 0.19.0-24-gb05acd6 (webtiles) character file.

645 smedtjen the Magician (level 7, -5/36 HPs)
             Began as a Deep Elf Fire Elementalist on Nov 20, 2016.
             Was an Initiate of Vehumet.
             Slain by a gnoll
             ... wielding a +3 halberd
              (7 damage)
             ... on level 5 of the Dungeon.
             The game lasted 00:35:03 (6527 turns).

smedtjen the Magician (Deep Elf Fire Elementalist)  Turns: 6527, Time: 00:35:04

Health: -5/36      AC:  6    Str:  5    XL:     7   Next: 27%
Magic:  10/19      EV: 12    Int: 22    God:    Vehumet [......]
Gold:   244        SH:  0    Dex: 15    Spells: 4 memorised, 11 levels left

rFire  . . .     SeeInvis .     e - +0 dagger (freeze)
rCold  . . .     Gourm    .     v - +1 leather armour
rNeg   . . .     Faith    .     (no shield)
rPois  .         Spirit   .     (no helmet)
rElec  .         Reflect  .     (no cloak)
rCorr  .         Harm     .     d - +0 pair of gloves
MR     .....                    n - +0 pair of boots
Stlth  ++........               A - amulet of rage
                                (no ring)
                                (no ring)

@: no status effects
A: no striking features
a: Renounce Religion, Evoke Berserk Rage


You were on level 5 of the Dungeon.
You worshipped Vehumet.
Vehumet was noncommittal.
You were not hungry.

You visited 1 branch of the dungeon, and saw 5 of its levels.

You collected 244 gold pieces.

Inventory:

Hand Weapons
 e - a +0 dagger of freezing (weapon)
 f - a +0 halberd
 z - a +2 war axe of freezing
Missiles
 j - 17 arrows
 k - 71 bolts
 u - 7 needles of sleeping
Armour
 a - a +0 robe
 d - a +0 pair of gloves (worn)
 n - a +0 pair of boots (worn)
 v - a +1 leather armour (worn)
Jewellery
 y - an uncursed ring of wizardry {unknown}
 A - an amulet of rage (around neck)
Wands
 C - a wand of hasting (5/9)
Scrolls
 l - a scroll of noise
 p - a scroll of amnesia
 q - 3 scrolls of fog {unknown}
 r - a scroll of immolation {unknown}
 s - a scroll of magic mapping
 B - a scroll of teleportation {unknown}
 D - a scroll of blinking {unknown}
Potions
 h - 2 potions of heal wounds {unknown}
 i - a potion of curing {unknown}
 m - a potion of cure mutation {unknown}
 o - a potion of agility {unknown}
 t - a potion of resistance {unknown}
 w - a potion of haste {unknown}
 F - a potion of ambrosia {unknown}
 H - a potion of lignification {unknown}
Books
 b - a book of Flames

   Spells                             Type                      Level
   a - Flame Tongue                   Conjuration/Fire             1
   b - Throw Flame                    Conjuration/Fire             2
   c - Conjure Flame                  Conjuration/Fire             3
   d - Inner Flame                    Hexes/Fire                   3
   e - Sticky Flame                   Conjuration/Fire             4
   f - Fireball                       Conjuration/Fire             5
 x - a book of Maledictions

   Spells                             Type                      Level
   a - Corona                         Hexes                        1
   b - Ensorcelled Hibernation        Hexes/Ice                    2
   c - Confuse                        Hexes                        3
   d - Tukima's Dance                 Hexes                        3
   e - Dazzling Spray                 Conjuration/Hexes            3
Comestibles
 c - 4 bread rations
 g - 3 chunks of flesh
 G - a royal jelly


   Skills:
 + Level 0.2 Fighting
 + Level 1.4 Armour
 + Level 3.2 Dodging
 + Level 3.0 Stealth
 + Level 6.7 Spellcasting
 + Level 3.8 Conjurations
 + Level 0.6 Hexes
 + Level 5.4 Fire Magic
 + Level 0.4 Ice Magic


You had 11 spell levels left.
You knew the following spells:

 Your Spells              Type           Power        Failure   Level  Hunger
a - Flame Tongue          Conj/Fire      ####.        1%          1    None
b - Throw Flame           Conj/Fire      ####..       3%          2    None
c - Ensorcelled Hibernat  Hex/Ice        ##....       17%         2    None
d - Dazzling Spray        Conj/Hex       ###...       21%         3    #......


Dungeon Overview and Level Annotations

Branches:
Dungeon (5/15)
 Temple: D:4-7

Altars:
Dithmenos
Elyvilon
Fedhas
Kikubaaqudgha
Sif Muna
Vehumet
The Shining One

Shops:
D:5 [


Message History

You don't know that spell.
There's nothing to close nearby.
Casting: Flame Tongue
Confirm with . or Enter, or press ? or * to list all spells.
You don't know that spell.
Casting: Flame Tongue
Confirm with . or Enter, or press ? or * to list all spells.
Aiming: Ensorcelled Hibernation
Press: ? - help, Shift-Dir - straight line, f - gnoll, p - gnoll
Aim: a gnoll, wielding an enchanted halberd (chance to defeat MR: 50%)
The gnoll resists with some effort.
The gnoll hits you from afar with an enchanted halberd.
* * * LOW HITPOINT WARNING * * *
The gnoll hits you from afar with a spear.
* * * LOW HITPOINT WARNING * * *
You fail to use your ability.
The gnoll hits you from afar with a spear.
* * * LOW HITPOINT WARNING * * *
The gnoll hits you from afar with an enchanted halberd!
You die...

....#.........#(..............
#####......(..####'#########'# #
#....######................<. #
#....#....#..................
#....#....#.)................
#....#....#.†................
#....#....#.gg<..............
#....#....#........[.........
#####....###'##.@................
.........>.........###########...
...................# .....#...
......∩............# .....#...
...................# .....'...
<..................# +###...
####################..### #....#
........................# #....#
........................# #....#


You could see 2 gnolls.

Vanquished Creatures
  Grinder (D:3)
  An ogre (D:5)
  A scorpion (D:5)
  A hound (D:5)
  A jelly (D:5)
  Terence (D:3)
  8 adders
  7 gnolls
  4 worms
  A dart slug (D:2)
  3 leopard geckos
  6 orcs
  7 bats
  4 giant cockroaches
  9 goblins
  11 hobgoblins
  6 kobolds
  3 quokkas
  7 frilled lizards
  8 rats
90 creatures vanquished.

Notes
Turn   | Place    | Note
-------+----------+-------------------------------------------
     0 | D:1      | smedtjen the Deep Elf Fire Elementalist began the quest for the Orb.
     0 | D:1      | Reached XP level 1. HP: 10/10 MP: 6/6
   337 | D:1      | Reached XP level 2. HP: 15/15 MP: 4/8
   341 | D:1      | Learned a level 2 spell: Throw Flame
  1203 | D:1      | Reached XP level 3. HP: 17/19 MP: 5/10
  1963 | D:2      | Found a blossoming altar of Fedhas.
  2209 | D:2      | Reached skill level 4 in Spellcasting
  2320 | D:2      | Reached XP level 4. HP: 16/24 MP: 9/12
  2835 | D:3      | Noticed Grinder
  2846 | D:3      | Paralysed by Grinder for 4 turns
  2856 | D:3      | Killed Grinder
  2856 | D:3      | Reached skill level 5 in Spellcasting
  2856 | D:3      | Reached XP level 5. HP: 19/28 MP: 1/14
  2856 | D:3      | Reached XP level 6. HP: 22/32 MP: 1/16
  3082 | D:3      | Reached skill level 5 in Fire Magic
  3411 | D:3      | Noticed Terence
  3429 | D:3      | Learned a level 2 spell: Ensorcelled Hibernation
  3433 | D:3      | Learned a level 3 spell: Dazzling Spray
  3465 | D:3      | Killed Terence
  3882 | D:3      | Found a deep blue altar of Sif Muna.
  3900 | D:3      | Found a radiant altar of Vehumet.
  3931 | D:3      | Became a worshipper of Vehumet
  4196 | D:3      | Reached skill level 6 in Spellcasting
  4464 | D:5      | Entered Level 5 of the Dungeon
  4651 | D:4      | Found an ancient bone altar of Kikubaaqudgha.
  4651 | D:4      | Found a white marble altar of Elyvilon.
  5033 | D:5      | Found Buwomail's Antique Armour Shoppe.
  5065 | D:5      | Found a shadowy altar of Dithmenos.
  5342 | D:5      | Reached skill level 1 in Armour
  5484 | D:5      | Found a glowing golden altar of the Shining One.
  5822 | D:5      | Found a deep blue altar of Sif Muna.
  5946 | D:5      | Reached XP level 7. HP: 13/36 MP: 5/18
  6527 | D:5      | Slain by a gnoll

Skill      XL: |  1  2  3  4  5  6 |
---------------+-------------------+-----
Fire Magic     | 4 5 |  5.4
Spellcasting   | 4 5 6 |  6.7
Conjurations   | 3 |  3.8
Dodging        | 3 |  3.2
Stealth        | 3 |  3.0
Armour         | 1 |  1.4
Fighting       | |  0.2
Hexes          | |  0.6
Ice Magic      | |  0.4

Action                   |  1- 3 |  4- 6 |  7- 9 || total
-------------------------+-------+-------+-------++-------
Melee: Dagger            |    22 |     7 |       ||    29
       Unarmed           |     3 |       |       ||     3
 Cast: Flame Tongue      |    44 |    73 |    12 ||   129
       Throw Flame       |    19 |    35 |     3 ||    57
       Ensorcelled Hiber |       |     6 |     1 ||     7
  Use: Scroll            |     2 |     5 |       ||     7
 Stab: Sleeping          |       |     1 |       ||     1
  Eat: Chunk             |     1 |     1 |       ||     2
       Meat ration       |     1 |     1 |       ||     2
       Bread ration      |       |     1 |       ||     1
       Fruit             |       |       |     4 ||     4
Armor: Robe              |     8 |       |       ||     8
       Leather armour    |       |     3 |       ||     3
Dodge: Dodged            |    21 |    25 |     4 ||    50
